[Event "*** Titled Tuesday Blitz AM"]
[Site "Chess.com"]
[Date "2020.01.07"]
[Round "4"]
[White "petrpalachev"]
[Black "Firouzja2003"]
[Result "0-1"]
[WhiteElo "2821"]
[BlackElo "3087"]
[TimeControl "180+2"]
[EndTime "9:48:49 PST"]
[Termination "Firouzja2003 won by resignation"]

1. d4 Nf6 2. Nf3 g6 3. Nbd2 c5 4. e3 Bg7 5. Bd3 cxd4 6. exd4 O-O 7. O-O d6 8. Re1 Nc6 9. c3 e5 10. dxe5 dxe5 11. Qc2 Nd5 12. Nc4 Ndb4 13. cxb4 Nxb4 14. Qb3 Nxd3 15. Rd1 e4 16. Nfe5 Be6 17. Qxb7 Nc5 18.
Rxd8 Raxd8 0-1

[Event "*** Titled Tuesday Blitz AM"]
[Site "Chess.com"]
[Date "2020.01.07"]
[Round "4"]
[White "HovmoellerHest"]
[Black "ShahMatKanal"]
[Result "0-1"]
[WhiteElo "2298"]
[BlackElo "2514"]
[TimeControl "180+2"]
[EndTime "9:48:51 PST"]
[Termination "ShahMatKanal won by resignation"]

1. d4 d5 2. c4 c6 3. Nf3 Nf6 4. Nbd2 Bf5 5. g3 e6 6. Bg2 Be7 7. Nh4 Bg4 8. h3 Bh5 9. Qc2 Nbd7 10. e3 Ng8 11. Nhf3 Bg6 12. Qb3 Qb6 13. O-O Ngf6 14. c5 Qxb3 15. axb3 a6 16. b4 O-O 17. Re1 Bd3 18. Ra3 Bb5 19. g4 h6 20. Ne5 Nxe5 21.
dxe5 Nd7 22. f4 b6 23. Nb3 bxc5 24. bxc5 Nxc5 25. Nxc5 Bxc5 26. Ra1 Bb4 27. Rd1 Be2 28. Rd4 c5 0-1

[Event "*** Titled Tuesday Blitz AM"]
[Site "Chess.com"]
[Date "2020.01.07"]
[Round "4"]
[White "SmirnovAlexandrA"]
[Black "BeanScreen"]
[Result "0-1"]
[WhiteElo "2144"]
[BlackElo "2406"]
[TimeControl "180+2"]
[EndTime "9:48:56 PST"]
[Termination "BeanScreen won by resignation"]

1. e4 e5 2. d4 exd4 3. Qxd4 Nc6 4. Qe3 Nf6 5. Nc3 Bb4 6. Bd2 O-O 7. O-O-O Re8 8.
Qg3 Rxe4 9. a3 Bd6 10. f4 Re8 11. Bd3 Bf8 12. Nf3 d6 13. Ng5 Nd4 14. Rde1 Bf5 15.
Nce4 d5 16. Nf2 h6 17. h4 Qd7 18. Bc3 Bxd3 19. Qxd3 c5 20. Bxd4 cxd4 21. Qxd4 hxg5 22. Rxe8 Rxe8 23. hxg5 Ne4 24. Qd3 g6 25. Nxe4 Rxe4 26. Qh3 Qxh3 0-1

[Event "*** Titled Tuesday Blitz AM"]
[Site "Chess.com"]
[Date "2020.01.07"]
[Round "4"]
[White "PaulfromSPb"]
[Black "CuteRook"]
[Result "1-0"]
[WhiteElo "2673"]
[BlackElo "2373"]
[TimeControl "180+2"]
[EndTime "9:48:57 PST"]
[Termination "PaulfromSPb won by resignation"]

1. d4 d5 2. Bf4 e6 3. e3 Bd6 4.
Bg3 Nf6 5. Nd2 O-O 6. c3 c5 7. Bxd6 Qxd6 8. f4 Nc6 9. Ngf3 cxd4 10. cxd4 Bd7 11. a3 Rac8 12. Bd3 a6 13. Ne5 Be8 14. g4 Nd7 15. g5 Ndxe5 16. fxe5 Qe7 17. h4 f6 18. gxf6 gxf6 19. Qg4+ Kh8 20. exf6 Rxf6 21. h5 Bd7 22. h6 Qf7 23. Qg7+ Qxg7 24. hxg7+ Kg8 25.
Rxh7 e5 26. Rh8+ Kxg7 27. Rh7+ Kf8 28. Rxd7 exd4 29. Rh7 dxe3 30. Rh8+ 1-0

[Event "*** Titled Tuesday Blitz AM"]
[Site "Chess.com"]
[Date "2020.01.07"]
[Round "4"]
[White "rquery98"]
[Black "MiroVlasenko"]
[Result "1-0"]
[WhiteElo "2541"]
[BlackElo "2692"]
[TimeControl "180+2"]
[EndTime "9:48:59 PST"]
[Termination "rquery98 won by resignation"]

1. e4 Nc6 2. Nf3 d6 3. Bc4 Nf6 4. d3 g6 5. O-O Bg7 6. c3 O-O 7.
Re1 d5 8. exd5 Nxd5 9. d4 Nb6 10. Bb3 e5 11. Bg5 Qd6 12. dxe5 Nxe5 13. Nxe5 Bxe5 14.
Qxd6 Bxd6 15. Nd2 Kg7 16. Ne4 Be5 17. f4 h6 18. fxe5 hxg5 19. Nxg5 Bf5 20. e6 f6 21. Nf3 Rfe8 22. Nd4 c5 23. Nxf5+ gxf5 24. Bc2 Nc4 25. Bxf5 Rad8 26. Red1 Ne3 27. Rd7+ Rxd7 28. exd7 Rd8 29.
Be6 1-0

[Event "*** Titled Tuesday Blitz AM"]
[Site "Chess.com"]
[Date "2020.01.07"]
[Round "4"]
[White "Sjakkerntobi"]
[Black "IMUltimateBeast"]
[Result "0-1"]
[WhiteElo "2262"]
[BlackElo "2605"]
[TimeControl "180+2"]
[EndTime "9:49:04 PST"]
[Termination "IMUltimateBeast won by checkmate"]

1. e4 c5 2. Nf3 e6 3. d4 cxd4 4. Nxd4 Nf6 5. Nc3 Nc6 6. Ndb5 d6 7. Bf4 e5 8. Bg5 a6 9. Na3 b5 10. Bxf6 gxf6 11. Nd5 Bg7 12. c3 f5 13. Bd3 Be6 14. Nc2 O-O 15. Nce3 fxe4 16. Bxe4 f5 17. Nf6+ Qxf6 18.
Bxc6 Rad8 19. Bd5 f4 20. Bxe6+ Qxe6 21. Qd5 Kf7 22. Qxe6+ Kxe6 23. Nc2 d5 24. O-O-O f3 25. g3 a5 26. Rhe1 Kf7 27. Re3 e4 28. Nd4 Bh6 29. Kd2 Rb8 30. Re1 b4 31. Nc6 bxc3+ 32. bxc3 Rb2+ 33. Kc1 Rxf2 34. Ne5+ Ke6 35. Ng4 Bxe3+ 36. Rxe3 Rg2 37. c4 f2 38. cxd5+ Kd6 39. Nxf2 Rfxf2 40.
Rxe4 Rf1+ 41. Re1 Rxe1# 0-1

[Event "*** Titled Tuesday Blitz AM"]
[Site "Chess.com"]
[Date "2020.01.07"]
[Round "4"]
[White "Fandorine"]
[Black "Rikikits"]
[Result "1-0"]
[WhiteElo "2912"]
[BlackElo "2715"]
[TimeControl "180+2"]
[EndTime "9:49:07 PST"]
[Termination "Fandorine won by resignation"]

1. e4 c5 2. Nf3 Nc6 3. Bb5 e6 4. Bxc6 bxc6 5. d3 Ne7 6. Qe2 f6 7. c4 Ng6 8. Nc3 Bd6 9. h4 O-O 10. h5 Ne5 11. Be3 Qe7 12. Na4 Rb8 13. b3 Nxf3+ 14.
Qxf3 Be5 15. Bxc5 d6 16. d4 dxc5 17. dxe5 f5 18. O-O Bd7 19. Rad1 Be8 20. Rd6 fxe4 21.
Qxe4 Bxh5 22. Nxc5 Bg6 23. Qe3 Bf5 24. Nd7 Qh4 25.
Nxb8 Rxb8 26. Rfd1 h6 27. Qd4 Be4 28. f3 1-0

[Event "*** Titled Tuesday Blitz AM"]
[Site "Chess.com"]
[Date "2020.01.07"]
[Round "4"]
[White "Azatic"]
[Black "chess4ever007"]
[Result "1-0"]
[WhiteElo "2563"]
[BlackElo "2318"]
[TimeControl "180+2"]
[EndTime "9:49:09 PST"]
[Termination "Azatic won by resignation"]

1. e4 c5 2. Nf3 e6 3. d4 cxd4 4. Nxd4 Nc6 5. Nc3 Qc7 6. Be3 a6 7. Qd2 Nf6 8. f3 Bb4 9. a3 Be7 10. g4 h6 11. h4 Ne5 12. Rg1 d6 13. g5 hxg5 14. hxg5 Nfd7 15. O-O-O b5 16. g6 Nxg6 17. Rxg6 fxg6 18. Nxe6 Qc6 19. Nd5 Bd8 20. Qg2 Kf7 21. Ndf4 Ne5 22. Nxd8+ Rxd8 23. Bd4 Bb7 24. Nd5 Rac8 25.
f4 Nf3 26. Bc3 Nh4 27. Qg5 1-0

[Event "*** Titled Tuesday Blitz AM"]
[Site "Chess.com"]
[Date "2020.01.07"]
[Round "4"]
[White "Annawel"]
[Black "mouseWLZ"]
[Result "0-1"]
[WhiteElo "2985"]
[BlackElo "2819"]
[TimeControl "180+2"]
[EndTime "9:49:23 PST"]
[Termination "mouseWLZ won by checkmate"]

1. Nf3 Nf6 2. g3 g6 3. Bg2 Bg7 4. O-O O-O 5. d4 d6 6. c4 Nc6 7. Nc3 e5 8. dxe5 Nxe5 9. Nxe5 dxe5 10. Qc2 c6 11. b3 Qc7 12. Bb2 Rd8 13. Rad1 Bf5 14.
Qc1 Rxd1 15. Rxd1 Rd8 16. h3 h5 17. Rxd8+ Qxd8 18. Qd1 Qxd1+ 19. Nxd1 Nd7 20. e4 Be6 21.
Kf1 f6 22. Ke2 Bh6 23. Ne3 Kf7 24. Bc1 b6 25. Bd2 a5 26. h4 Nc5 27. Bc3 a4 28. b4 Nb7 29. Bf1 Nd6 30. Bd2 Nxe4 31. Be1 Nd6 32.
c5 bxc5 33. bxc5 Nb5 34. Bg2 Bxa2 35. Kd3 a3 36. Bxc6 Bb1+ 37. Kc4 a2 38. Kxb5 a1=Q 39. Bd5+ Ke7 40. Bb4 Bxe3 41. fxe3 Bd3+ 42. Kb6 Qa6+ 43. Kc7 Qb5 44. Ba3 Qa5+ 45. Kb8 Qxa3 46. c6 Qd6+ 47.
c7 Bf5 48. Be6 Bxe6 49. g4 Qb6+ 50. Ka8 Qxc7 51. g5 Bd5# 0-1

[Event "*** Titled Tuesday Blitz AM"]
[Site "Chess.com"]
[Date "2020.01.07"]
[Round "4"]
[White "JozefKneht"]
[Black "gmasterkiller"]
[Result "0-1"]
[WhiteElo "2400"]
[BlackElo "2618"]
[TimeControl "180+2"]
[EndTime "9:49:26 PST"]
[Termination "gmasterkiller won by resignation"]

1. e4 c6 2. d4 d5 3. Nc3 dxe4 4. Nxe4 Nf6 5. Nxf6+ exf6 6. c3 Bd6 7. Bd3 O-O 8.
Qc2 Re8+ 9. Ne2 h5 10. O-O Nd7 11. Be3 Qc7 12. h3 Nf8 13. c4 h4 14. Rfe1 Be6 15.
Nc3 a6 16. Ne4 Rad8 17. Nxd6 Qxd6 18. Rad1 b5 19. d5 bxc4 20. Qxc4 Qxd5 21. Bh7+ Nxh7 22. Rxd5 Bxd5 23. Qa4 f5 24. b3 Re4 25. Qa5 Rde8 26.
Rc1 f4 27. Bc5 f3 28. gxf3 R4e5 29. f4 Re2 30. Be3 Nf6 31. Qxa6 Rb2 32. Bd4 Rbe2 33.
Bxf6 Re1+ 34. Rxe1 Rxe1+ 35. Qf1 Rxf1+ 36. Kxf1 gxf6 0-1

[Event "*** Titled Tuesday Blitz AM"]
[Site "Chess.com"]
[Date "2020.01.07"]
[Round "4"]
[White "bascheyaro"]
[Black "MishkaFighter"]
[Result "1-0"]
[WhiteElo "2696"]
[BlackElo "2440"]
[TimeControl "180+2"]
[EndTime "9:49:27 PST"]
[Termination "bascheyaro won by checkmate"]

1. d4 Nf6 2. c4 e6 3. Nf3 d5 4. Nc3 c6 5. Bg5 Nbd7 6. e3 Qa5 7. Bxf6 Nxf6 8. Qc2 Bb4 9. Nd2 O-O 10. Bd3 dxc4 11.
Nxc4 Qh5 12. h3 b5 13. Ne5 Bb7 14. g4 Qh4 15. Nf3 Qh6 16. g5 Qh5 17. gxf6 Qxf3 18. Bxh7+ Kh8 19. fxg7+ Kxg7 20. Be4 Qh5 21. Qe2 Qh4 22. Qf3 Rac8 23. Rg1+ Kh8 24. Rg4 Qh6 25.
Qg3 Rg8 26. Rh4 Bf8 27. Qf4 Rg1+ 28. Ke2 Rxa1 29. Rxh6+ Bxh6 30. Qxh6+ Kg8 31. Bh7+ Kh8 32. Bg6+ Kg8 33. Qh7+ Kf8 34. Qxf7# 1-0

[Event "*** Titled Tuesday Blitz AM"]
[Site "Chess.com"]
[Date "2020.01.07"]
[Round "4"]
[White "Ba_clbaf_osed_ingo_3v21"]
[Black "Genghis_K"]
[Result "0-1"]
[WhiteElo "2555"]
[BlackElo "2886"]
[TimeControl "180+2"]
[EndTime "9:49:31 PST"]
[Termination "Genghis_K won by resignation"]

1. Nf3 Nf6 2. c4 e6 3. g3 d5 4. d4 Be7 5. Bg2 O-O 6. O-O dxc4 7. Qc2 a6 8. a4 Bd7 9. Rd1 Nc6 10. Qxc4 b5 11. Qb3 Na5 12. Qc3 Nd5 13. Qxa5 Bb4 14. axb5 Bxa5 15. Rxa5 axb5 16. Rxa8 Qxa8 17. Ne5 Bc8 18.
Nc3 Bb7 19. Nxb5 Qa5 20. Nc3 Nxc3 21. bxc3 Bxg2 22. Kxg2 Qxc3 23. Be3 Qc2 24. Rd2 Qe4+ 25. Kg1 Rb8 26. Rd1 Rb2 27. Re1 c5 28. Nf3 c4 29.
Ne5 Rb1 30. Rxb1 Qxb1+ 31. Kg2 c3 32. Nd3 h5 33. h4 c2 34. Nc1 Qb7+ 35. f3 Qb4 36. Kf2 f6 37. Nd3 Qc4 38. Nc1 Kf7 39.
Nd3 Qb5 40. Nc1 g5 41. Nd3 gxh4 42. gxh4 Qb8 43. Bf4 Qxf4 0-1

[Event "*** Titled Tuesday Blitz AM"]
[Site "Chess.com"]
[Date "2020.01.07"]
[Round "4"]
[White "Flawless_Fighter"]
[Black "Shivagami"]
[Result "1-0"]
[WhiteElo "2452"]
[BlackElo "2143"]
[TimeControl "180+2"]
[EndTime "9:49:32 PST"]
[Termination "Flawless_Fighter won by resignation"]

1. e4 e5 2. Nf3 Nc6 3. Bb5 a6 4.
Ba4 Nf6 5. O-O Be7 6. Re1 b5 7. Bb3 d6 8. c3 O-O 9. h3 Nb8 10. d4 Nbd7 11. c4 Bb7 12. Nc3 b4 13.
Nd5 c6 14. Nxe7+ Qxe7 15. Nh4 exd4 16. Nf5 Qe5 17. Qf3 Ne8 18. Bf4 Qf6 19. Qg3 d5 20.
cxd5 cxd5 21. Bg5 Qg6 22. Ne7+ 1-0

[Event "*** Titled Tuesday Blitz AM"]
[Site "Chess.com"]
[Date "2020.01.07"]
[Round "4"]
[White "Butterfly"]
[Black "cancrushyou"]
[Result "1/2-1/2"]
[WhiteElo "2292"]
[BlackElo "2454"]
[TimeControl "180+2"]
[EndTime "9:49:45 PST"]
[Termination "Game drawn by repetition"]

1. d4 d5 2. Nf3 e6 3. e3 Nf6 4. Bd3 b6 5. O-O Be7 6. b3 O-O 7. Nbd2 Bb7 8. Bb2 Nbd7 9. Ne5 Nxe5 10. dxe5 Nd7 11. f4 Nc5 12. Bxh7+ Kxh7 13. Qh5+ Kg8 14. Rf3 f5 15. Rh3 Bc6 16. Nf3 Be8 17. Qh7+ Kf7 18.
Qh5+ Kg8 19. Qh7+ Kf7 20. Qh5+ Kg8 1/2-1/2

[Event "*** Titled Tuesday Blitz AM"]
[Site "Chess.com"]
[Date "2020.01.07"]
[Round "4"]
[White "StephenDedalus83"]
[Black "cholzan"]
[Result "0-1"]
[WhiteElo "2693"]
[BlackElo "2543"]
[TimeControl "180+2"]
[EndTime "9:49:51 PST"]
[Termination "cholzan won by resignation"]

1. e4 e6 2. d4 d5 3. Nc3 Bb4 4. e5 c5 5. a3 Bxc3+ 6. bxc3 Ne7 7. Qg4 Qc7 8. Bd3 cxd4 9. Ne2 Nbc6 10.
cxd4 Bd7 11. Qxg7 O-O-O 12. O-O Rdf8 13. Qf6 Nf5 14. Bxf5 exf5 15. Bh6 Rfg8 16. Qxf7 Rg6 17. Be3 Nd8 18. Qe7 Nc6 19. Qc5 Rhg8 20. Nf4 Rg4 21. g3 h5 22. Nxd5 Qd8 23. Nf6 h4 24. Nxg4 Rxg4 25.
d5 f4 26. Bxf4 Rxf4 27. gxf4 Bh3 28. Kh1 Qf8 29. dxc6 Qxc5 30. cxb7+ Kxb7 31. Rab1+ Ka6 32. Rfd1 Qc6+ 0-1

[Event "*** Titled Tuesday Blitz AM"]
[Site "Chess.com"]
[Date "2020.01.07"]
[Round "4"]
[White "kinga2008"]
[Black "PotapovaM"]
[Result "0-1"]
[WhiteElo "1840"]
[BlackElo "2510"]
[TimeControl "180+2"]
[EndTime "9:49:55 PST"]
[Termination "PotapovaM won by resignation"]

1. e4 c5 2. Nf3 d6 3. d4 cxd4 4. Nxd4 Nf6 5. Nc3 a6 6. Be3 e5 7. Nb3 Be6 8. f3 Be7 9. g4 O-O 10. h4 d5 11. exd5 Nxd5 12. Nxd5 Bxd5 13. Be2 Bxh4+ 14.
Bf2 Bxf2+ 15. Kxf2 Nc6 16. Bd3 g6 17. Qd2 Qf6 18. Qe3 Nd4 19. Nxd4 exd4 20. Qe2 Rae8 21. Qd1 Re3 22. Be2 Rfe8 23. Re1 Qh4+ 24. Kg2 Qxg4+ 25.
Kf2 Qh4+ 26. Kg2 R8e5 27. Kf1 Rg5 0-1

[Event "*** Titled Tuesday Blitz AM"]
[Site "Chess.com"]
[Date "2020.01.07"]
[Round "4"]
[White "JSPrepz"]
[Black "IwkooO"]
[Result "1-0"]
[WhiteElo "2810"]
[BlackElo "2575"]
[TimeControl "180+2"]
[EndTime "9:50:00 PST"]
[Termination "JSPrepz won by resignation"]

1. e4 c5 2. Nf3 g6 3. b3 Bg7 4.
Nc3 Nc6 5. Bb2 d6 6. Bc4 Nf6 7. Nd5 e6 8. Nxf6+ Bxf6 9. Bxf6 Qxf6 10. O-O O-O 11. c3 e5 12. h3 Be6 13. Bxe6 fxe6 14. Qe2 d5 15. a3 Rad8 16. b4 c4 17. Rfe1 Rfe8 18. b5 Na5 19. exd5 exd5 20. Nxe5 Kg7 21. Qe3 Nb3 22. Rad1 Re7 23. f4 d4 24. cxd4 Rxd4 25. g3 Qd6 26. Qc3 Qc5 27. Kh2 Qxb5 28. Nf3 Rd7 29.
Re4 Qc5 30. Rde1 Kh6 31. Nxd4 Nxd4 32. Qe3 Nb3 33. Qxc5 Rxd2+ 34. Kg1 Nxc5 35. Rxc4 b6 36. Re7 Rd3 37. g4 Rxa3 38. g5+ 1-0

[Event "*** Titled Tuesday Blitz AM"]
[Site "Chess.com"]
[Date "2020.01.07"]
[Round "4"]
[White "Borsuk_Konstantin"]
[Black "smshk35"]
[Result "1-0"]
[WhiteElo "2525"]
[BlackElo "2335"]
[TimeControl "180+2"]
[EndTime "9:50:01 PST"]
[Termination "Borsuk_Konstantin won by resignation"]

1. d4 Nf6 2. c4 g6 3. Nc3 Bg7 4. e4 d6 5. f3 O-O 6. Be3 a6 7.
Qd2 Nbd7 8. O-O-O c5 9. dxc5 dxc5 10. Bxc5 b5 11. cxb5 Bb7 12. bxa6 Bxa6 13. Bxa6 Rxa6 14. Nge2 Qc7 15. Bxe7 Rc8 16. Kb1 Qb7 17. Bxf6 Nxf6 18. e5 Ne8 19. f4 Rb8 20. Nd4 Rb6 21. Nb3 Nc7 22. Qd7 Kf8 23. Rd2 Kg8 24. Rhd1 Bf8 25.
Nd5 Rxb3 26. axb3 Qxb3 27. Qxc7 Ra8 28. Nc3 Qb4 29. Rd8 1-0

[Event "*** Titled Tuesday Blitz AM"]
[Site "Chess.com"]
[Date "2020.01.07"]
[Round "4"]
[White "narutosmith"]
[Black "Alopekos"]
[Result "1-0"]
[WhiteElo "2258"]
[BlackElo "2488"]
[TimeControl "180+2"]
[EndTime "9:50:01 PST"]
[Termination "narutosmith won by resignation"]

1. d4 Nf6 2. c4 e6 3. Nc3 Bb4 4.
f3 d5 5. a3 Bxc3+ 6. bxc3 c5 7. cxd5 exd5 8. e3 Qc7 9. Ne2 O-O 10. g4 b6 11. Bg2 Bb7 12. O-O Re8 13. Ng3 b5 14. g5 Nfd7 15. e4 c4 16. e5 Qb6 17.
Kh1 Nc6 18. f4 a5 19. f5 b4 20. g6 hxg6 21. fxg6 fxg6 22. Bxd5+ Kh7 23. Qg4 Qd8 24. Qh3+ 1-0

[Event "*** Titled Tuesday Blitz AM"]
[Site "Chess.com"]
[Date "2020.01.07"]
[Round "4"]
[White "olksuna"]
[Black "Gordima"]
[Result "0-1"]
[WhiteElo "2580"]
[BlackElo "2835"]
[TimeControl "180+2"]
[EndTime "9:50:02 PST"]
[Termination "Gordima won by resignation"]

1. c4 e6 2. Nc3 d5 3. e3 Nf6 4.
Nf3 Bd6 5. b3 O-O 6. Bb2 Re8 7.
Rc1 c5 8. cxd5 exd5 9. d4 cxd4 10. Nxd4 Nc6 11. Be2 a6 12. Nf3 Be6 13. O-O Qe7 14. h3 Rad8 15. Bd3 Bb8 16. Ne2 Ne4 17. Ned4 Nxd4 18.
Bxd4 Qd7 19. Qe2 Bxh3 0-1

[Event "*** Titled Tuesday Blitz AM"]
[Site "Chess.com"]
[Date "2020.01.07"]
[Round "4"]
[White "manitodeplomo"]
[Black "dolynachess"]
[Result "1-0"]
[WhiteElo "2687"]
[BlackElo "2375"]
[TimeControl "180+2"]
[EndTime "9:50:04 PST"]
[Termination "manitodeplomo won by resignation"]

1. d4 Nf6 2. c4 g6 3. Nc3 d5 4.
Bf4 Bg7 5. e3 O-O 6. Rc1 c6 7.
h3 Ne4 8. Nf3 Bf5 9. Be2 h6 10.
O-O Nxc3 11. Rxc3 dxc4 12. Bxc4 Nd7 13. a3 a5 14. Ba2 a4 15. Qe2 Nf6 16. Bh2 Be4 17.
Nd2 Bd5 18. Bb1 Be6 19. Rcc1 Qa5 20. Nc4 Qh5 21. f3 Rfd8 22. Rfd1 Qg5 23. Ne5 Nd7 24.
Nd3 Bb3 25. Re1 Re8 26. Qf2 e5 27. dxe5 Nxe5 28. Bxe5 Bxe5 29. f4 1-0

[Event "*** Titled Tuesday Blitz AM"]
[Site "Chess.com"]
[Date "2020.01.07"]
[Round "4"]
[White "OK97"]
[Black "Oligan22"]
[Result "1-0"]
[WhiteElo "2848"]
[BlackElo "2483"]
[TimeControl "180+2"]
[EndTime "9:50:14 PST"]
[Termination "OK97 won by resignation"]

1. d4 d5 2. c4 e6 3. Nf3 a6 4.
cxd5 exd5 5. Nc3 Nf6 6. Qb3 Be7 7. Bg5 c6 8. e3 O-O 9. Bd3 Qc7 10. Bxf6 Bxf6 11. Qc2 Bg4 12. Nxd5 Qa5+ 13. Nc3 Bxf3 14. gxf3 Qh5 15. O-O-O g6 16. Ne4 Bg7 17. f4 Nd7 18. Kb1 a5 19. h4 Nb6 20. Ng5 Qg4 21. h5 Nd5 22. a3 h6 23. Rdg1 Qd7 24. Ne4 Ne7 25.
Nc5 Qd6 26. hxg6 fxg6 27. Bxg6 Nxg6 28. Rxg6 Rf6 29. Rhg1 Rxg6 30. Rxg6 Qe7 31. Ne6 1-0

[Event "*** Titled Tuesday Blitz AM"]
[Site "Chess.com"]
[Date "2020.01.07"]
[Round "4"]
[White "politeplayer"]
[Black "AquivaRubinstein"]
[Result "1-0"]
[WhiteElo "2140"]
[BlackElo "2426"]
[TimeControl "180+2"]
[EndTime "9:50:19 PST"]
[Termination "politeplayer won by resignation"]

1. e4 e6 2. Nf3 d5 3. exd5 exd5 4. d4 Bd6 5. Bd3 Ne7 6. O-O O-O 7. h3 Bf5 8. Re1 Bxd3 9. Qxd3 c6 10. Bg5 Qc7 11.
Bh4 Ng6 12. Nbd2 Nd7 13. Nf1 Nxh4 14. Nxh4 g6 15. Ne3 Rfe8 16. Ng4 Bf8 17. Re3 Rxe3 18. Qxe3 Bg7 19. Re1 h5 20. Nh6+ Bxh6 21. Qxh6 Nf6 22.
Nf5 gxf5 23. Qg5+ Kh7 24. Qxf5+ Kg7 25. Qg5+ Kh7 26. Qxf6 1-0

[Event "*** Titled Tuesday Blitz AM"]
[Site "Chess.com"]
[Date "2020.01.07"]
[Round "4"]
[White "mohssenbinaddi"]
[Black "Quiet_Desperation"]
[Result "0-1"]
[WhiteElo "2214"]
[BlackElo "2430"]
[TimeControl "180+2"]
[EndTime "9:50:19 PST"]
[Termination "Quiet_Desperation won by resignation"]

1. d4 Nf6 2. Nf3 e6 3. g3 d5 4. Bg2 c6 5. O-O Be7 6. c4 O-O 7. Qc2 b6 8. Rd1 Bb7 9. Bf4 Nbd7 10. Nbd2 c5 11. dxc5 Nxc5 12. cxd5 Nxd5 13. Nc4 Rc8 14.
e4 Nb4 15. Qb1 Qe8 16. Nd6 Bxd6 17. Bxd6 Bxe4 18. Qc1 Nb3 19. axb3 Rxc1 20. Rdxc1 Nc2 21. Rxa7 Qc6 22. Bxf8 Bxf3 23. Be7 Bxg2 24. Rxc2 Qxc2 25.
Kxg2 h6 26. b4 Qxb2 27. Ra8+ Kh7 28. Rf8 Kg6 29. h4 h5 30. Rb8 Qd4 31. Bd8 Qd6 0-1

[Event "*** Titled Tuesday Blitz AM"]
[Site "Chess.com"]
[Date "2020.01.07"]
[Round "4"]
[White "Jabberwockiez"]
[Black "Kubas1010"]
[Result "1-0"]
[WhiteElo "2288"]
[BlackElo "2609"]
[TimeControl "180+2"]
[EndTime "9:50:20 PST"]
[Termination "Jabberwockiez won by checkmate"]

1. e4 c5 2. Nc3 d6 3. Nf3 Nf6 4. d4 cxd4 5. Nxd4 Bd7 6. Bg5 e6 7. Bb5 Nc6 8. O-O Be7 9. Nxc6 bxc6 10. Bd3 O-O 11. f4 Qb6+ 12. Kh1 Qxb2 13. Qd2 Qa3 14. e5 dxe5 15. fxe5 Nd5 16. Ne4 Bb4 17. Qe2 Bc3 18. Nf6+ Nxf6 19. Bxf6 Bxa1 20. Bxh7+ Kh8 21. Qh5 gxf6 22.
Bg6+ Kg7 23. Qh7# 1-0

[Event "*** Titled Tuesday Blitz AM"]
[Site "Chess.com"]
[Date "2020.01.07"]
[Round "4"]
[White "ViennaRocket"]
[Black "Alexander_Donchenko"]
[Result "0-1"]
[WhiteElo "2383"]
[BlackElo "2721"]
[TimeControl "180+2"]
[EndTime "9:50:20 PST"]
[Termination "Alexander_Donchenko won by resignation"]

1. d4 Nf6 2. c4 e6 3. Nc3 Bb4 4. Qc2 c5 5. dxc5 Bxc5 6. Nf3 Kf8 7. e4 Nc6 8. a3 Ng4 9. Nd1 d5 10. cxd5 Qa5+ 11. b4 Nxb4 12. axb4 Bxb4+ 13. Bd2 Bxd2+ 14. Qxd2 Qxa1 15. Qb4+ Kg8 16. Qe7 h6 17. Bd3 Ne5 18.
Nxe5 Qxe5 19. d6 Qa5+ 20. Ke2 e5 21. Qe8+ Kh7 22. d7 Rxe8 23. dxe8=Q Bg4+ 24. f3 Rxe8 25. fxg4 Qa2+ 26. Ke3 Qxg2 27. Nf2 Rd8 28. Be2 f5 29. gxf5 Qg5+ 30. Kf3 Qf4+ 31. Kg2 Rd2 32. Bf3 Qe3 33. Rf1 a5 34. Kg3 Qf4+ 35. Kg2 a4 0-1

[Event "*** Titled Tuesday Blitz AM"]
[Site "Chess.com"]
[Date "2020.01.07"]
[Round "4"]
[White "1stSecond"]
[Black "FairChess_on_YouTube"]
[Result "0-1"]
[WhiteElo "2819"]
[BlackElo "3009"]
[TimeControl "180+2"]
[EndTime "9:50:21 PST"]
[Termination "FairChess_on_YouTube won by resignation"]

1. Nf3 d5 2. g3 Nc6 3. d4 Bg4 4. Bg2 Qd7 5. h3 Bxf3 6. exf3 e6 7. O-O Nge7 8. Re1 Nf5 9. c3 Bd6 10. f4 Nce7 11. Nd2 c5 12. dxc5 Bxc5 13. Nb3 Bb6 14.
Qd3 O-O 15. a4 a6 16. Bf3 Nxg3 17. Be3 Bxe3 18. fxe3 Qc7 19. Kf2 Ngf5 20. Nd4 g6 21. Rac1 Rad8 22. Ne2 e5 23. fxe5 Qxe5 24. Rh1 Rfe8 25.
Nf4 d4 26. cxd4 Nxd4 27. Qe4 Nxf3 28. Qxf3 Rd2+ 29. Ne2 Nf5 30. Rc3 Nd4 31. exd4 Rxe2+ 32. Kf1 Re1+ 33. Kg2 Qg5+ 34. Qg4 Qd2+ 0-1

[Event "*** Titled Tuesday Blitz AM"]
[Site "Chess.com"]
[Date "2020.01.07"]
[Round "4"]
[White "yy2324"]
[Black "Last7Samurai"]
[Result "0-1"]
[WhiteElo "2547"]
[BlackElo "2827"]
[TimeControl "180+2"]
[EndTime "9:50:28 PST"]
[Termination "Last7Samurai won by resignation"]

1. e4 e5 2. Nf3 Nc6 3. Bb5 a6 4. Ba4 g6 5. O-O Bg7 6. c3 d6 7.
d4 Bd7 8. Re1 Nf6 9. h3 O-O 10.
Nbd2 Re8 11. Bc2 h6 12. Nf1 Nh5 13. Be3 Nf4 14. Ng3 Qf6 15. dxe5 Nxe5 16. Nxe5 Qxe5 17.
Qd2 g5 18. Bd4 Qe7 19. Bxg7 Kxg7 20. Nf5+ Bxf5 21. exf5 Qf6 22. Kh2 Kg8 23. g3 Nh5 24.
Qd5 c6 25. Qf3 Ng7 26. Rad1 d5 27. Qd3 Rxe1 28. Rxe1 Re8 29. Rxe8+ Nxe8 30. Qe3 Nd6 31. Qa7 Qe7 32. Qe3 Qxe3 33. fxe3 Kg7 34. Kg2 Kf6 35. g4 Nc4 36. Kf3 Nxb2 37. e4 Ke5 38. exd5 cxd5 39. Bb3 Nd3 40. Bc2 Ne1+ 0-1

[Event "*** Titled Tuesday Blitz AM"]
[Site "Chess.com"]
[Date "2020.01.07"]
[Round "4"]
[White "kleinebeer98"]
[Black "Zarikovs1999"]
[Result "1-0"]
[WhiteElo "2681"]
[BlackElo "2359"]
[TimeControl "180+2"]
[EndTime "9:50:34 PST"]
[Termination "kleinebeer98 won on time"]

1. e4 c5 2. Nf3 d6 3. d4 cxd4 4. Nxd4 Nf6 5. Nc3 a6 6. a3 e5 7. Nf5 Bxf5 8. exf5 d5 9. Bg5 d4 10. Bxf6 gxf6 11. Ne4 Be7 12. g3 Nd7 13. Bg2 Rc8 14. O-O h5 15. h4 Qc7 16. Rc1 Nc5 17. c3 Nxe4 18. Bxe4 dxc3 19. Rxc3 Qb8 20. Qa4+ Kf8 21. Rfc1 Rxc3 22. Rxc3 Kg7 23. Rb3 b6 24. Qxa6 Bc5 25. Qe2 Qd6 26. Rd3 Bd4 27. b4 Qc7 28. Kg2 Qc1 29. Bf3 Rc8 30. Rd2 Rc3 31. Bxh5 Rxa3 32. Rc2 Qb1 33. Qg4+ Kf8 34. Rc7 1-0

[Event "*** Titled Tuesday Blitz AM"]
[Site "Chess.com"]
[Date "2020.01.07"]
[Round "4"]
[White "Feegus"]
[Black "alex_zapata"]
[Result "1-0"]
[WhiteElo "2560"]
[BlackElo "2291"]
[TimeControl "180+2"]
[EndTime "9:50:41 PST"]
[Termination "Feegus won by resignation"]

1. Nf3 d5 2. g3 Nf6 3. Bg2 c5 4. O-O Nc6 5. d4 e6 6. c4 Be7 7. Nc3 O-O 8. cxd5 Nxd5 9. e4 Nxc3 10. bxc3 Qa5 11. Qb3 Bf6 12. e5 Be7 13. Be3 Rd8 14.
h4 Bd7 15. h5 h6 16. g4 Rac8 17. Rad1 cxd4 18. cxd4 Qb4 19. Qd3 Na5 20. g5 Bb5 21. Qe4 Bxf1 22. Rxf1 hxg5 23. Bxg5 Nc4 24. h6 g6 25. Bh3 Rc7 26. h7+ Kh8 27. Bh6 Qb5 28.
Qf4 Qe8 29. Ng5 Bxg5 30. Bxg5 Kxh7 31. Qh4+ Kg8 32. Bf6 1-0

[Event "*** Titled Tuesday Blitz AM"]
[Site "Chess.com"]
[Date "2020.01.07"]
[Round "4"]
[White "Grieve72"]
[Black "econpower"]
[Result "1-0"]
[WhiteElo "2329"]
[BlackElo "2621"]
[TimeControl "180+2"]
[EndTime "9:50:47 PST"]
[Termination "Grieve72 won by checkmate"]

1. e4 c6 2. d4 d5 3. e5 h5 4.
Nf3 g6 5. c4 Bh6 6. Nc3 Bg4 7.
Qb3 Qb6 8. cxd5 Qxb3 9. axb3 Bxf3 10. gxf3 Bxc1 11. Rxc1 Nh6 12. Bh3 Nf5 13. Bxf5 gxf5 14. Rg1 Kf8 15. f4 cxd5 16. Nxd5 Nc6 17. Rc4 Rd8 18. Ne3 Nxd4 19. Rg5 Nf3+ 20. Ke2 Nxg5 21. fxg5 e6 22. Rc7 Kg7 23. Nc4 Rd5 24. f4 Rb5 25.
Nd6 Rxb3 26. Rxf7+ Kg8 27. Re7 h4 28. Rxe6 h3 29.
g6 Rh4 30. Nxf5 Rxf4 31. Re8# 1-0